[Event "XII Paracin Festival 2019"]
[Site "Paracin"]
[Date "2019.07.05"]
[Round "1.1"]
[White "Kecskemeti, Arpad"]
[Black "Ivanisevic, Ivan"]
[Result "0-1"]
[ECO "B48"]
[WhiteElo "2230"]
[BlackElo "2612"]
[Annotator "RC"]
[PlyCount "95"]
[EventDate "2019.07.05"]
[EventType "swiss"]
[EventCountry "SRB"]
[SourceTitle "playchess.com"]
[Source "ChessBase"]
[SourceQuality "1"]
[TimeControl "5400+30"]

1. e4 c5 2. Nf3 e6 3. d4 cxd4 4. Nxd4 Nc6 5. Nc3 Qc7 6. Be3 a6 7. Bd3 Nf6 8. O-O h5 9. h3 b5 10. a3 Bb7 11. Qd2 Rc8 12. f4 Nxd4 13. Bxd4 Bc5 14. Qf2 h4 15. e5 Nh5 16. Bxc5 Qxc5 17. Be4 Qxf2+ 18. Rxf2 Bc6 19. Bxc6 Rxc6 20. Ne4 f5 21. Nd6+ Ke7 22. Rd1 g5 23. fxg5 Rg8 24. Rfd2 Rc7 25. c4 bxc4 26. Rd4 c3 27. bxc3 Rxg5 28. Nc4 f4 29. Kf2 Rb7 30. Nb6 Rxe5 31. Rxd7+ Rxd7 32. Rxd7+ Kf6 33. Rd6 Kf5 34. Nc4 Rc5 35. Nd2 Ng3 36. c4 Ra5 37. Rd3 Re5 38. Nf3 Re2+ 39. Kg1 e5 40. Nxh4+ Ke6 41. Rd1 Rc2 42. Re1 e4 43. Ng6 Kf5 44. Ne7+ Kg5 45. Rd1 f3 46. gxf3 exf3 47. Rd5+ Kf6 48. Ng8+ {[%emt 0:00:21] Ke5} 0-1

[Event "XII Paracin Festival 2019"]
[Site "Paracin"]
[Date "2019.07.05"]
[Round "1.2"]
[White "Perunovic, Milos"]
[Black "Popovic, Djordje D"]
[Result "1-0"]
[ECO "B90"]
[WhiteElo "2597"]
[BlackElo "2227"]
[Annotator "ChessBase"]
[PlyCount "69"]
[EventDate "2019.07.05"]
[EventType "swiss"]
[EventCountry "SRB"]
[SourceTitle "playchess.com"]
[Source "ChessBase"]
[SourceQuality "1"]
[TimeControl "5400+30"]

1. e4 c5 2. Nf3 d6 3. d4 cxd4 4. Nxd4 Nf6 5. Nc3 a6 6. Be3 e5 7. Nb3 Be6 8. h3 Nbd7 9. g4 h6 10. Qd2 b5 11. O-O-O Nb6 12. Qe1 Qc7 13. f4 b4 14. Bxb6 Qxb6 15. Nd5 Bxd5 16. exd5 Nd7 17. Nd4 Be7 18. Nc6 Bf6 19. h4 a5 20. Bd3 g6 21. Rf1 O-O 22. g5 Bg7 23. f5 e4 24. Bxe4 gxf5 25. Ne7+ Kh8 26. Nxf5 b3 27. cxb3 a4 28. Nxg7 axb3 29. a3 Qc5+ 30. Kb1 Rxa3 31. bxa3 Qxa3 32. Rf2 Rc8 33. Rc1 Ra8 34. Qc3 Ne5 35. gxh6 1-0

[Event "XII Paracin Festival 2019"]
[Site "Paracin"]
[Date "2019.07.05"]
[Round "1.3"]
[White "Banovic, Ivan"]
[Black "Svetushkin, Dmitry"]
[Result "0-1"]
[ECO "A46"]
[WhiteElo "2227"]
[BlackElo "2528"]
[Annotator "ChessBase"]
[PlyCount "48"]
[EventDate "2019.07.05"]
[EventType "swiss"]
[EventCountry "SRB"]
[SourceTitle "playchess.com"]
[Source "ChessBase"]
[SourceQuality "1"]
[TimeControl "5400+30"]

1. d4 Nf6 2. Nf3 e6 3. Bf4 c5 4. e3 d5 5. c3 Nc6 6. Nbd2 Be7 7. Bd3 Nh5 8. Bg3 Nxg3 9. hxg3 h6 10. g4 Bd7 11. Qe2 Qb6 12. Rb1 O-O-O 13. Ne5 Nxe5 14. dxe5 f6 15. exf6 gxf6 16. e4 Kb8 17. exd5 exd5 18. Kf1 Bd6 19. c4 Rhe8 20. Qf3 Qb4 21. Rd1 Bc7 22. Rh4 dxc4 23. Nxc4 Bc6 24. Qf5 Qxc4 0-1

[Event "XII Paracin Festival 2019"]
[Site "Paracin"]
[Date "2019.07.05"]
[Round "1.4"]
[White "Korpa, Bence"]
[Black "Sahin, Ozgun"]
[Result "1/2-1/2"]
[ECO "A37"]
[WhiteElo "2523"]
[BlackElo "2214"]
[Annotator "ChessBase"]
[PlyCount "111"]
[EventDate "2019.07.05"]
[EventType "swiss"]
[EventCountry "SRB"]
[SourceTitle "playchess.com"]
[Source "ChessBase"]
[SourceQuality "1"]
[TimeControl "5400+30"]

1. Nf3 c5 2. g3 Nc6 3. Bg2 g6 4. c4 Bg7 5. Nc3 e6 6. d3 Nge7 7. Bd2 d5 8. a3 O-O 9. Rb1 dxc4 10. dxc4 Nd4 11. e3 Nxf3+ 12. Bxf3 Qd3 13. Qe2 Qxe2+ 14. Kxe2 Rb8 15. Nb5 Nc6 16. Rhd1 Ne5 17. Nxa7 Nxc4 18. Bc1 Ne5 19. Nxc8 Rfxc8 20. Be4 b5 21. b3 c4 22. f4 c3 23. fxe5 c2 24. Bxc2 Rxc2+ 25. Rd2 Rxd2+ 26. Kxd2 Bxe5 27. Bb2 Bd6 28. Ra1 h5 29. Bf6 Kf8 30. a4 bxa4 31. bxa4 Ke8 32. a5 Kd7 33. a6 e5 34. e4 Ra8 35. Kd3 Kc6 36. Kc4 Bc7 37. Bg5 f5 38. Be3 f4 39. Bf2 Bb6 40. Bxb6 Kxb6 41. gxf4 exf4 42. e5 f3 43. h4 Rxa6 44. Rxa6+ Kxa6 45. Kd3 Kb6 46. Ke3 Kc6 47. Kxf3 Kd5 48. Kf4 Ke6 49. Ke4 Kd7 50. Kd5 Ke7 51. Kd4 Ke6 52. Ke4 Kd7 53. Kd5 Ke7 54. e6 g5 55. hxg5 h4 56. Ke4 1/2-1/2

[Event "XII Paracin Festival 2019"]
[Site "Paracin"]
[Date "2019.07.05"]
[Round "1.5"]
[White "Vafin, Ayrat"]
[Black "Sanal, Vahap"]
[Result "1/2-1/2"]
[ECO "A05"]
[WhiteElo "2213"]
[BlackElo "2520"]
[Annotator "ChessBase"]
[PlyCount "54"]
[EventDate "2019.07.05"]
[EventType "swiss"]
[EventCountry "SRB"]
[SourceTitle "playchess.com"]
[Source "ChessBase"]
[SourceQuality "1"]
[TimeControl "5400+30"]

1. Nf3 Nf6 2. g3 b6 3. Bg2 Bb7 4. d4 e6 5. O-O c5 6. c4 cxd4 7. Qxd4 Be7 8. Nc3 Nc6 9. Qd2 O-O 10. b3 a6 11. Bb2 Rc8 12. e4 Qc7 13. Rfe1 d6 14. Qe2 Rfe8 15. Rad1 Nd7 16. Rd2 Qb8 17. h4 Nde5 18. Nh2 Nd7 19. f4 Nc5 20. h5 h6 21. Ng4 Kf8 22. Qd1 Ba8 23. Qa1 Kg8 24. Qd1 Kf8 25. Qa1 f6 26. Qb1 e5 27. Nd5 Bd8 1/2-1/2

[Event "XII Paracin Festival 2019"]
[Site "Paracin"]
[Date "2019.07.05"]
[Round "1.6"]
[White "Tan, Justin"]
[Black "Mullick, Raahil"]
[Result "1-0"]
[ECO "A06"]
[WhiteElo "2513"]
[BlackElo "2211"]
[Annotator "ChessBase"]
[PlyCount "65"]
[EventDate "2019.07.05"]
[EventType "swiss"]
[EventCountry "SRB"]
[SourceTitle "playchess.com"]
[Source "ChessBase"]
[SourceQuality "1"]
[TimeControl "5400+30"]

1. Nf3 d5 2. e3 Nf6 3. c4 c6 4. Nc3 g6 5. d4 Bg7 6. Be2 O-O 7. O-O a6 8. b3 b5 9. Ba3 Qa5 10. Bb2 bxc4 11. bxc4 Ra7 12. Nd2 Rb7 13. Nb3 Qb4 14. Qc1 Bf5 15. Ba3 Qb6 16. h3 h5 17. Nc5 Ra7 18. Rd1 Re8 19. Bf3 Qd8 20. Nd3 g5 21. Ne5 g4 22. hxg4 hxg4 23. e4 dxe4 24. Be2 e6 25. Qe3 Rc7 26. Rab1 Qc8 27. Bd6 Rb7 28. Rxb7 Qxb7 29. Rb1 Qa8 30. Bd1 Nbd7 31. Bc2 Nxe5 32. Bxe5 Qd8 33. Ba4 1-0

[Event "XII Paracin Festival 2019"]
[Site "Paracin"]
[Date "2019.07.05"]
[Round "1.7"]
[White "Pasti, Aron"]
[Black "Vishnu Prasanna. V"]
[Result "0-1"]
[ECO "B90"]
[WhiteElo "2209"]
[BlackElo "2505"]
[Annotator "ChessBase"]
[PlyCount "108"]
[EventDate "2019.07.05"]
[EventType "swiss"]
[EventCountry "SRB"]
[SourceTitle "playchess.com"]
[Source "ChessBase"]
[SourceQuality "1"]
[TimeControl "5400+30"]

1. e4 c5 2. Nf3 d6 3. d4 cxd4 4. Nxd4 Nf6 5. Nc3 a6 6. h3 g6 7. g4 Bg7 8. Bg2 h5 9. g5 Nfd7 10. O-O Nc6 11. Be3 O-O 12. Nce2 Nb6 13. Nxc6 bxc6 14. Bd4 e5 15. Be3 Rb8 16. b3 d5 17. c3 Qe7 18. Qd2 Rd8 19. Rad1 Be6 20. Bxb6 Rxb6 21. exd5 cxd5 22. c4 e4 23. Nf4 d4 24. Rfe1 Bf5 25. Nd5 Rxd5 26. cxd5 Qe5 27. Re2 d3 28. Re3 Qxd5 29. Qe1 Re6 30. Rdxd3 Qxd3 31. Rxd3 exd3 32. Qb4 Bf8 33. Qc3 Rd6 34. Qd2 Rd4 35. Qe3 Rd7 36. Bf3 d2 37. Bd1 Bb4 38. Kh2 Kh7 39. h4 a5 40. f3 Re7 41. Qd4 Re1 42. a3 Rxd1 43. axb4 Rc1 44. Qxd2 Rc2 45. Qxc2 Bxc2 46. bxa5 Bxb3 47. a6 Kg7 48. Kg3 Bd5 49. f4 f6 50. Kf2 Kf7 51. Ke3 Ke6 52. Kd4 fxg5 53. fxg5 Kd6 54. a7 Ba8 0-1

[Event "XII Paracin Festival 2019"]
[Site "Paracin"]
[Date "2019.07.05"]
[Round "1.8"]
[White "Savic, Miodrag R"]
[Black "Manish Anto Cristiano F"]
[Result "1-0"]
[ECO "B22"]
[WhiteElo "2503"]
[BlackElo "2208"]
[Annotator "ChessBase"]
[PlyCount "121"]
[EventDate "2019.07.05"]
[EventType "swiss"]
[EventCountry "SRB"]
[SourceTitle "playchess.com"]
[Source "ChessBase"]
[SourceQuality "1"]
[TimeControl "5400+30"]

1. e4 c5 2. c3 d5 3. exd5 Qxd5 4. Nf3 Nf6 5. Na3 a6 6. Nc4 b5 7. Ne3 Qc6 8. a4 b4 9. cxb4 cxb4 10. b3 Nbd7 11. Bb2 e6 12. Rc1 Qb6 13. Be2 Bb7 14. O-O Be7 15. Rc4 Rc8 16. Rxc8+ Bxc8 17. d4 Bb7 18. Ne5 O-O 19. Nxd7 Nxd7 20. d5 Qd6 21. dxe6 Qxe6 22. Bc4 Qc6 23. Qg4 Bf6 24. Bd5 Qc7 25. Rc1 Qb8 26. Qxd7 Bxb2 27. Rc4 Bxd5 28. Nxd5 Rd8 29. Rxb4 Qa8 30. Qb7 Qxb7 31. Rxb7 Kf8 32. Ne3 Bc1 33. Nf1 a5 34. Rb5 Bd2 35. g3 Bb4 36. Ne3 g6 37. Nd5 Bd2 38. Kf1 Re8 39. Kg2 h5 40. h4 Re1 41. Nb6 Rb1 42. Nc4 Bb4 43. Rb7 f6 44. Rb5 Kf7 45. Rb7+ Ke6 46. Rb6+ Kf7 47. Kh3 Rf1 48. Kg2 Rb1 49. Ne3 Rxb3 50. Nd5 f5 51. Nf4 Ra3 52. Rxg6 Rxa4 53. Rg5 Ra2 54. Rxf5+ Kg8 55. Rg5+ Kf7 56. Rf5+ Kg8 57. Nd3 Bc3 58. Rxh5 a4 59. Rc5 Rc2 60. Rc8+ Kf7 61. Nb4 1-0

[Event "XII Paracin Festival 2019"]
[Site "Paracin"]
[Date "2019.07.05"]
[Round "1.9"]
[White "Jovanovic, Sasa T"]
[Black "Asadli, Vugar"]
[Result "0-1"]
[ECO "A40"]
[WhiteElo "2205"]
[BlackElo "2502"]
[Annotator "ChessBase"]
[PlyCount "68"]
[EventDate "2019.07.05"]
[EventType "swiss"]
[EventCountry "SRB"]
[SourceTitle "playchess.com"]
[Source "ChessBase"]
[SourceQuality "1"]
[TimeControl "5400+30"]

1. d4 g6 2. Nf3 Bg7 3. c4 d6 4. Nc3 Nc6 5. d5 Ne5 6. Nxe5 Bxe5 7. g3 h5 8. h4 c5 9. dxc6 bxc6 10. Bg2 Bd7 11. O-O Nf6 12. Qd3 Ng4 13. Bd2 Bg7 14. Qc2 Rc8 15. Rad1 O-O 16. Ne4 Bf5 17. Bc3 Bh6 18. Qa4 Qc7 19. Ba5 Qb7 20. Bc3 Rfd8 21. Ng5 Bg7 22. Bxg7 Kxg7 23. Qa3 Qb6 24. Qc3+ f6 25. b3 a5 26. Be4 Bd7 27. a3 d5 28. Bg2 e5 29. c5 Qb5 30. f3 d4 31. Qc1 Ne3 32. Ne4 Nxf1 33. Bxf1 Qxb3 34. Nxf6 Kxf6 0-1

[Event "XII Paracin Festival 2019"]
[Site "Paracin"]
[Date "2019.07.05"]
[Round "1.10"]
[White "Lorparizangeneh, Shahin"]
[Black "Uzumcu, Ahmet Utku"]
[Result "1/2-1/2"]
[ECO "A16"]
[WhiteElo "2494"]
[BlackElo "2201"]
[Annotator "ChessBase"]
[PlyCount "160"]
[EventDate "2019.07.05"]
[EventType "swiss"]
[EventCountry "SRB"]
[SourceTitle "playchess.com"]
[Source "ChessBase"]
[SourceQuality "1"]
[TimeControl "5400+30"]

1. c4 Nf6 2. Nc3 d5 3. cxd5 Nxd5 4. g3 g6 5. Bg2 Nb6 6. d3 Bg7 7. Be3 Nc6 8. Bxc6+ bxc6 9. Qd2 h6 10. Qc1 Nd5 11. Bd2 Nxc3 12. Bxc3 Bxc3+ 13. Qxc3 O-O 14. Nf3 Bh3 15. Ne5 Qd6 16. f3 Bd7 17. Rc1 Rfb8 18. Nc4 Qc5 19. b3 a5 20. Ne5 Qd6 21. Qc5 Be8 22. Qe3 Qe6 23. Kf2 a4 24. Nxc6 Qxe3+ 25. Kxe3 Bxc6 26. Rxc6 axb3 27. axb3 Rxb3 28. Rxc7 e6 29. Rc2 Kg7 30. f4 Ra4 31. Kf3 h5 32. Rhc1 Rb7 33. h3 Rd7 34. g4 hxg4+ 35. hxg4 g5 36. fxg5 Ra5 37. Rc5 Rd5 38. Rxa5 Rxa5 39. Kf4 Kg6 40. Rc8 Ra2 41. e4 Rf2+ 42. Ke5 Rg2 43. Rg8+ Kh7 44. Rd8 Kg7 45. Kd6 Rxg4 46. Ke7 e5 47. Rd6 Rxg5 48. Rf6 Rg3 49. Rxf7+ Kg6 50. Rf6+ Kg5 51. Rf5+ Kg6 52. Rxe5 Rxd3 53. Rd5 Ra3 54. e5 Ra7+ 55. Rd7 Ra8 56. e6 Kg7 57. Rb7 Kg6 58. Rd7 Kg7 59. Rc7 Kg6 60. Rc1 Ra7+ 61. Kd6 Ra6+ 62. Kd7 Ra7+ 63. Rc7 Ra8 64. Kd6 Ra6+ 65. Ke7 Ra8 66. Kd7 Kf6 67. Rb7 Kg7 68. Ke7 Kg6 69. Kd6 Ra6+ 70. Kd7 Ra8 71. Ke7 Kg7 72. Rd7 Kg6 73. Rd8 Ra7+ 74. Kd6 Ra6+ 75. Ke5 Ra5+ 76. Rd5 Ra8 77. Rd1 Ra5+ 78. Kd6 Ra6+ 79. Ke7 Ra7+ 80. Ke8 Kf6 1/2-1/2

[Event "XII Paracin Festival 2019"]
[Site "Paracin"]
[Date "2019.07.05"]
[Round "1.11"]
[White "Kantorik, Marian"]
[Black "Milanovic, Danilo"]
[Result "1/2-1/2"]
[ECO "A58"]
[WhiteElo "2196"]
[BlackElo "2492"]
[Annotator "ChessBase"]
[PlyCount "75"]
[EventDate "2019.07.05"]
[EventType "swiss"]
[EventCountry "SRB"]
[SourceTitle "playchess.com"]
[Source "ChessBase"]
[SourceQuality "1"]
[TimeControl "5400+30"]

1. d4 Nf6 2. c4 c5 3. d5 b5 4. cxb5 a6 5. bxa6 g6 6. Nc3 Bg7 7. g3 O-O 8. Bg2 d6 9. Nh3 Nbd7 10. O-O Bxa6 11. Qc2 Qa5 12. Rb1 Rfb8 13. Bd2 c4 14. Rfc1 Ne8 15. b4 Qa3 16. Qb2 Qxb2 17. Rxb2 Bb5 18. Rbc2 Bxc3 19. Bxc3 Ra3 20. Ng5 Rba8 21. Nf3 Rxa2 22. Nd4 Rxc2 23. Rxc2 Nc7 24. e4 Ra3 25. Bf1 Ba4 26. Rc1 Ne5 27. b5 Bxb5 28. Nxb5 Nxb5 29. Bxe5 dxe5 30. Rxc4 Nd6 31. Rb4 f5 32. f4 Nxe4 33. fxe5 Ra1 34. Kg2 Ra2+ 35. Kg1 Ra1 36. Kg2 Ra2+ 37. Kg1 Ra1 38. e6 1/2-1/2

[Event "XII Paracin Festival 2019"]
[Site "Paracin"]
[Date "2019.07.05"]
[Round "1.12"]
[White "Stojanovic, Mihajlo"]
[Black "Mihov, Filip"]
[Result "1-0"]
[ECO "D02"]
[WhiteElo "2483"]
[BlackElo "2188"]
[Annotator "ChessBase"]
[PlyCount "99"]
[EventDate "2019.07.05"]
[EventType "swiss"]
[EventCountry "SRB"]
[SourceTitle "playchess.com"]
[Source "ChessBase"]
[SourceQuality "1"]
[TimeControl "5400+30"]

1. Nf3 d5 2. d4 c5 3. c4 dxc4 4. e4 cxd4 5. Qxd4 Qxd4 6. Nxd4 a6 7. Bxc4 e6 8. Be3 b5 9. Be2 Bb7 10. f3 Nc6 11. Nxc6 Bxc6 12. Nd2 Nf6 13. Rc1 Bd7 14. Kf2 Bd6 15. Nb3 Ke7 16. Nc5 Rhc8 17. Nb7 Rxc1 18. Rxc1 Rc8 19. Nxd6 Rxc1 20. Bxc1 Kxd6 21. Bd2 e5 22. Bb4+ Kc6 23. Bf8 Ne8 24. Ke3 f6 25. h4 g6 26. f4 Be6 27. b3 Kd7 28. g4 Nd6 29. Bg7 Ne8 30. Bf8 Nd6 31. f5 Bf7 32. Bd3 Ne8 33. Kd2 Kc6 34. Kc3 a5 35. a3 h5 36. gxh5 gxh5 37. Be2 Kb6 38. Be7 Kc6 39. Bd8 a4 40. bxa4 bxa4 41. Be7 Kd7 42. Bf8 Nd6 43. Bxd6 Kxd6 44. Kb4 Be8 45. Bb5 Bc6 46. Bxc6 Kxc6 47. Kc4 Kc7 48. Kc5 Kd7 49. Kd5 Ke7 50. Kc6 1-0

[Event "XII Paracin Festival 2019"]
[Site "Paracin"]
[Date "2019.07.05"]
[Round "1.13"]
[White "Sahil, Tickoo"]
[Black "Kosic, Dragan"]
[Result "1/2-1/2"]
[ECO "A40"]
[WhiteElo "2187"]
[BlackElo "2482"]
[Annotator "ChessBase"]
[PlyCount "108"]
[EventDate "2019.07.05"]
[EventType "swiss"]
[EventCountry "SRB"]
[SourceTitle "playchess.com"]
[Source "ChessBase"]
[SourceQuality "1"]
[TimeControl "5400+30"]

1. d4 e6 2. Nf3 c5 3. c3 Nf6 4. Bf4 Qb6 5. Qb3 Nc6 6. e3 Be7 7. h3 O-O 8. Nbd2 d5 9. Be2 Bd7 10. Ne5 Nxe5 11. Bxe5 Bc6 12. O-O Rfc8 13. Rfe1 Nd7 14. Bg3 Qxb3 15. axb3 a5 16. Nf3 f6 17. Red1 b6 18. Nd2 Kf7 19. Bf3 b5 20. Rac1 c4 21. bxc4 bxc4 22. e4 Ra7 23. exd5 exd5 24. Nf1 Nb6 25. Ne3 g6 26. Bf4 Rd8 27. Ra1 a4 28. Nc2 Bd7 29. g4 Rc8 30. h4 Rc6 31. Kg2 Ra5 32. Na3 Nc8 33. Nc2 Nb6 34. g5 Rb5 35. Ra2 Be6 36. gxf6 Bxf6 37. Bg5 Bg7 38. h5 Rc8 39. Ne3 Re8 40. hxg6+ hxg6 41. Ng4 Bf5 42. Nh6+ Bxh6 43. Bxh6 Be4 44. Bf4 Re6 45. Be5 Bxf3+ 46. Kxf3 Nd7 47. Bg3 Ra6 48. Rh1 Nf6 49. Be5 Ne4 50. Rh7+ Ke6 51. Rg7 Kf5 52. Rf7+ Ke6 53. Rg7 Kf5 54. Rf7+ Ke6 {[%emt 0:00:37] Kxe4 Kxe5+} 1/2-1/2

[Event "XII Paracin Festival 2019"]
[Site "Paracin"]
[Date "2019.07.05"]
[Round "1.14"]
[White "Petrov, Martin"]
[Black "Pantic, Ivica"]
[Result "1-0"]
[ECO "B27"]
[WhiteElo "2480"]
[BlackElo "2184"]
[Annotator "ChessBase"]
[PlyCount "55"]
[EventDate "2019.07.05"]
[EventType "swiss"]
[EventCountry "SRB"]
[SourceTitle "playchess.com"]
[Source "ChessBase"]
[SourceQuality "1"]
[TimeControl "5400+30"]

1. e4 c5 2. Nf3 Qc7 3. d4 cxd4 4. Nxd4 a6 5. Be2 Nf6 6. Nc3 e6 7. O-O Be7 8. f4 d6 9. Kh1 O-O 10. Be3 Rd8 11. Qe1 d5 12. e5 Ne4 13. Nxe4 dxe4 14. c3 Nd7 15. Qg3 g6 16. f5 Nxe5 17. fxe6 Bd6 18. exf7+ Nxf7 19. Qh4 Re8 20. Rxf7 Qxf7 21. Rf1 Qc7 22. Bd1 Rf8 23. Bb3+ Kh8 24. Rxf8+ Bxf8 25. Bf4 Qa5 26. Qf6+ Bg7 27. Be5 Qc7 28. Qf8# 1-0

[Event "XII Paracin Festival 2019"]
[Site "Paracin"]
[Date "2019.07.05"]
[Round "1.15"]
[White "Nestorovic, Katarina"]
[Black "Peng, Xiongjian"]
[Result "0-1"]
[ECO "C47"]
[WhiteElo "2179"]
[BlackElo "2467"]
[Annotator "ChessBase"]
[PlyCount "94"]
[EventDate "2019.07.05"]
[EventType "swiss"]
[EventCountry "SRB"]
[SourceTitle "playchess.com"]
[Source "ChessBase"]
[SourceQuality "1"]
[TimeControl "5400+30"]

1. e4 e5 2. Nf3 Nc6 3. Nc3 Nf6 4. d4 exd4 5. Nxd4 Bb4 6. Nxc6 bxc6 7. Bd3 O-O 8. O-O Re8 9. Re1 d6 10. h3 h6 11. Bf4 Nd7 12. e5 dxe5 13. Bxe5 Nxe5 14. Rxe5 Be6 15. Qf3 Bd6 16. Re2 Rb8 17. Rae1 Rxb2 18. Qe4 g6 19. Qxc6 Qa8 20. Qa4 Bb4 21. Ne4 Rd8 22. Rf1 c5 23. a3 Ra2 24. Nf6+ Kg7 25. Rxe6 fxe6 26. Qb3 Kxf6 27. Qxa2 Bc3 28. Qc4 Bd4 29. c3 Be5 30. Qh4+ Kf7 31. Be4 Bf6 32. Qg4 Qb8 33. Rb1 Qe5 34. Qxg6+ Kf8 35. Bf3 Bg7 36. Bg4 Qf6 37. Qe4 Qe5 38. Qc4 Re8 39. g3 Kg8 40. Rb2 Qd5 41. Qe2 Kh8 42. Bf3 Qg5 43. Rc2 Rf8 44. Kg2 c4 45. Qxe6 Qc5 46. Be4 Rf6 47. Qe8+ Rf8 0-1

[Event "XII Paracin Festival 2019"]
[Site "Paracin"]
[Date "2019.07.05"]
[Round "1.16"]
[White "Stankovic, Milos"]
[Black "Gandhi, Anish"]
[Result "1-0"]
[ECO "B53"]
[WhiteElo "2462"]
[BlackElo "2167"]
[Annotator "ChessBase"]
[PlyCount "49"]
[EventDate "2019.07.05"]
[EventType "swiss"]
[EventCountry "SRB"]
[SourceTitle "playchess.com"]
[Source "ChessBase"]
[SourceQuality "1"]
[TimeControl "5400+30"]

1. e4 c5 2. Nf3 d6 3. d4 cxd4 4. Qxd4 Nf6 5. Nc3 Nc6 6. Bb5 Bd7 7. Bxc6 Bxc6 8. Bg5 e6 9. Qd3 h6 10. Bh4 g5 11. Bg3 e5 12. O-O-O Be7 13. Nd2 Qc7 14. Nc4 O-O-O 15. Ne3 Kb8 16. f3 Ka8 17. Kb1 Rd7 18. Qc4 Bd8 19. Rd2 Qa5 20. b4 Qa3 21. Rd3 Rc7 22. Nb5 Qa4 23. Nxc7+ Bxc7 24. Qxf7 Nd7 25. Qb3 1-0

[Event "XII Paracin Festival 2019"]
[Site "Paracin"]
[Date "2019.07.05"]
[Round "1.17"]
[White "Vidic, Teja"]
[Black "Song, Raymond"]
[Result "0-1"]
[ECO "A06"]
[WhiteElo "2166"]
[BlackElo "2456"]
[Annotator "ChessBase"]
[PlyCount "84"]
[EventDate "2019.07.05"]
[EventType "swiss"]
[EventCountry "SRB"]
[SourceTitle "playchess.com"]
[Source "ChessBase"]
[SourceQuality "1"]
[TimeControl "5400+30"]

1. c4 Nf6 2. Nf3 e6 3. b3 d5 4. Bb2 c5 5. e3 Nc6 6. g3 d4 7. exd4 cxd4 8. Bg2 e5 9. O-O Bd6 10. Re1 O-O 11. d3 Re8 12. Na3 h6 13. Nc2 a5 14. a3 Qb6 15. Rb1 Bf5 16. Ba1 Qa6 17. b4 axb4 18. axb4 b5 19. c5 Bc7 20. Bb2 Qc8 21. Nfxd4 Nxd4 22. Nxd4 exd4 23. Rxe8+ Nxe8 24. Qf3 Rb8 25. Re1 Be6 26. Bxd4 Qd7 27. Bc3 Rd8 28. Bf1 Bd5 29. Qe3 Bc6 30. Ra1 Qd5 31. Qe4 Qd7 32. Qh4 Nf6 33. Ra7 Nd5 34. Be5 Ra8 35. Bh3 Qe8 36. Rxa8 Qxa8 37. Bb2 Qa2 38. Qd4 Qb1+ 39. Bf1 Nf6 40. Qc3 Qd1 41. d4 Nd5 42. Qa3 Nxb4 0-1

[Event "XII Paracin Festival 2019"]
[Site "Paracin"]
[Date "2019.07.05"]
[Round "1.18"]
[White "Pikula, Dejan"]
[Black "Terziev, Dimo"]
[Result "1-0"]
[ECO "A48"]
[WhiteElo "2447"]
[BlackElo "2166"]
[Annotator "NA"]
[PlyCount "99"]
[EventDate "2019.07.05"]
[EventType "swiss"]
[EventCountry "SRB"]
[SourceTitle "playchess.com"]
[Source "ChessBase"]
[SourceQuality "1"]
[TimeControl "5400+30"]

1. d4 Nf6 2. Nf3 g6 3. Bf4 Bg7 4. e3 O-O 5. Be2 d6 6. O-O Nh5 7. Bg5 h6 8. Bh4 g5 9. Nfd2 Nf4 10. exf4 gxh4 11. c3 c5 12. d5 Bf5 13. Nc4 Nd7 14. Ne3 Bh7 15. a4 a6 16. Bd3 Bxd3 17. Qxd3 Nf6 18. Nd2 e6 19. Ndc4 b5 20. axb5 axb5 21. Rxa8 Qxa8 22. Nxd6 c4 23. Qc2 Qa6 24. Ne4 Nxd5 25. g3 hxg3 26. hxg3 Nxe3 27. fxe3 f5 28. Nf2 e5 29. Qd2 e4 30. Rd1 Qg6 31. Kg2 Kh8 32. Qd6 Qxd6 33. Rxd6 b4 34. g4 bxc3 35. bxc3 fxg4 36. Nxg4 h5 37. Nf2 Re8 38. Rc6 Bxc3 39. Rxc4 Bd2 40. Nd1 h4 41. Rd4 Bc1 42. Kh3 Kg7 43. Kxh4 Kf6 44. Kg3 Kf5 45. Rd5+ Kf6 46. Nf2 Rg8+ 47. Ng4+ Kf7 48. Rf5+ Ke6 49. Re5+ Kf7 50. Rxe4 1-0

[Event "XII Paracin Festival 2019"]
[Site "Paracin"]
[Date "2019.07.05"]
[Round "1.19"]
[White "Mehmed, Elif"]
[Black "Cabarkapa, Novak"]
[Result "0-1"]
[ECO "B01"]
[WhiteElo "2164"]
[BlackElo "2444"]
[Annotator "NA"]
[PlyCount "102"]
[EventDate "2019.07.05"]
[EventType "swiss"]
[EventCountry "SRB"]
[SourceTitle "playchess.com"]
[Source "ChessBase"]
[SourceQuality "1"]
[TimeControl "5400+30"]

1. e4 d5 2. exd5 Qxd5 3. Nf3 Bg4 4. Be2 Nc6 5. Nc3 Qd7 6. h3 Bxf3 7. Bxf3 O-O-O 8. O-O e5 9. a3 f5 10. d3 h6 11. Re1 Bd6 12. Nb5 Nge7 13. Be3 Kb8 14. b4 a6 15. Nxd6 Qxd6 16. Bc5 Qf6 17. b5 axb5 18. Qb1 e4 19. dxe4 Ne5 20. Qb3 N7c6 21. exf5 Qxf5 22. Be4 Nf3+ 23. Bxf3 Qxc5 24. Bxc6 bxc6 25. Re2 Rhe8 26. Rxe8 Rxe8 27. c4 Qxc4 28. Qxc4 bxc4 29. Rc1 Re4 30. Kf1 Kb7 31. Rc3 Kb6 32. f3 Rd4 33. Ke2 Kc5 34. g3 Rd8 35. f4 Kd4 36. Kd2 g5 37. Rf3 Ke4+ 38. Ke2 Rb8 39. Rc3 Kd4 40. Kd2 Rb2+ 41. Rc2 Rb3 42. fxg5 hxg5 43. h4 g4 44. Kc1 Rxg3 45. Rd2+ Ke3 46. a4 Rg1+ 47. Kc2 g3 48. Rd8 g2 49. Re8+ Kd4 50. Rd8+ Kc5 51. Rg8 Ra1 0-1

[Event "XII Paracin Festival 2019"]
[Site "Paracin"]
[Date "2019.07.05"]
[Round "1.20"]
[White "Froewis, Georg"]
[Black "Ostojic, Katarina"]
[Result "1-0"]
[ECO "A46"]
[WhiteElo "2434"]
[BlackElo "2164"]
[Annotator "NA"]
[PlyCount "109"]
[EventDate "2019.07.05"]
[EventType "swiss"]
[EventCountry "SRB"]
[SourceTitle "playchess.com"]
[Source "ChessBase"]
[SourceQuality "1"]
[TimeControl "5400+30"]

1. d4 Nf6 2. Nf3 c5 3. e3 cxd4 4. exd4 d5 5. c3 g6 6. Bd3 Bg7 7. O-O O-O 8. Re1 Nc6 9. Bf4 Bg4 10. Nbd2 Qb6 11. Qb3 Qxb3 12. axb3 Bxf3 13. Nxf3 e6 14. b4 Nh5 15. Be3 Rfe8 16. b5 Ne7 17. Ra2 Nc8 18. Rea1 b6 19. Ne5 Bxe5 20. dxe5 Rb8 21. g4 Ng7 22. Rxa7 Nxa7 23. Rxa7 Rec8 24. Ra6 Ne8 25. Rxb6 Rxb6 26. Bxb6 Nc7 27. Ba7 Na8 28. Kg2 Rc7 29. Be3 Rc8 30. Kf3 Kf8 31. Bd4 Ke8 32. b3 Kd7 33. c4 dxc4 34. bxc4 Kc7 35. c5 Rd8 36. Ke3 Kb8 37. b6 Nc7 38. bxc7+ Kxc7 39. Be4 Rh8 40. Bc3 Kb8 41. Ba5 Ka7 42. Bc7 h5 43. g5 Ka6 44. Bd6 Rc8 45. c6 Kb6 46. c7 Rh8 47. h4 Rg8 48. Kd2 Re8 49. Kc3 Rg8 50. Kb4 Rh8 51. Bc2 Kb7 52. Kb5 Rg8 53. Be4+ Kc8 54. Kc6 Re8 55. Bd3 1-0

[Event "XII Paracin Festival 2019"]
[Site "Paracin"]
[Date "2019.07.05"]
[Round "1.21"]
[White "Janjic, Stefan"]
[Black "Radovanovic, Nikola"]
[Result "0-1"]
[ECO "A48"]
[WhiteElo "2164"]
[BlackElo "2431"]
[Annotator "NA"]
[PlyCount "68"]
[EventDate "2019.07.05"]
[EventType "swiss"]
[EventCountry "SRB"]
[SourceTitle "playchess.com"]
[Source "ChessBase"]
[SourceQuality "1"]
[TimeControl "5400+30"]

1. d4 Nf6 2. Nf3 g6 3. Bg5 Bg7 4. Nbd2 O-O 5. e4 d6 6. c3 c5 7. d5 b6 8. a4 Na6 9. Bd3 h6 10. Bh4 Nc7 11. O-O Ba6 12. Bxa6 Nxa6 13. Rc1 Qd7 14. Qb3 Nc7 15. Qa3 Nh5 16. Rfe1 Rae8 17. Qb3 g5 18. Bg3 f5 19. exf5 Qxf5 20. Re2 Qxd5 21. Qd1 Qf7 22. Qe1 Nd5 23. Nf1 Nhf4 24. Bxf4 Nxf4 25. Re3 e5 26. h3 e4 27. Rxe4 d5 28. Rxe8 Rxe8 29. Qd1 Ne2+ 30. Kh1 Nxc1 31. Qxc1 d4 32. cxd4 cxd4 33. Qd2 Qc4 34. Ng3 d3 0-1